Description

Mine drop with 6 marines followed by a 4 Hellbats timing push with Medivac and Marines + Liberator

Build Order

Why is there no SALT encoding or Overwolf build?

  9  0:17  Supply Depot  
  15  0:30  Refinery  
  16  0:45  Barracks  
  20  1:30  Marine  
  20  1:45  Command Center  
  20  1:55  Factory  
  21  2:00  Barracks Reactor  
  21  2:10  Supply Depot  
  22  2:20  Refinery  
  24    Starport  
  24    Widow Mine  
  24    Marine x2  
  31    Orbital Command  
  31    Marine x2  
  34    Medivac  Switch Barracks Reactor with Factory
  34    Marine  
  34    Hellion x2  
  40    Supply Depot  
  48    Supply Depot  
  45    Liberator  
  48    Hellion x2  Go drop 1 mine + 6 marine
  48    Armory  
  54    Supply Depot  continue producing hellions
  62  4:45  Command Center, Factory x2  timing push 6 hellbats + 6 marine + 1 medivac
  65    Barracks Tech Lab  for futur switch with Factory 2
  65    Starport Tech Lab  for futur switch with Factory 3
Spawning Tool Build Advisor. Get it on Overwolf

Go to:

Details

  • Created by: Gallus   
  • Published on: Nov 19, 2017
  • Modified on: Nov 19, 2017
  • Patch: 4.0.0
Show

Export as new Build Order

Comments (0)

There are no comments. Be the first!

Create an account to comment!